 Dungeon Crawl Stone Soup version 0.31-a0-246-g8cbcc1cb85 (webtiles) character file.

Game seed: 12701941703752618990

674 Dittersdorf the Trooper (level 7, -1/44 HPs)
             Began as a Gargoyle Fighter on July 12, 2023.
             Slain by an orc warrior
             ... wielding a +1 long sword of flaming
              (13 damage)
             ... on level 6 of the Dungeon.
             The game lasted 00:05:35 (3959 turns).

Dittersdorf the Trooper (Gargoyle Fighter)          Turns: 3959, Time: 00:05:36

Health: -1/44      AC: 13    Str: 22      XL:     7   Next: 59%
Magic:  7/7        EV:  9    Int:  8      God:
Gold:   1431       SH:  4    Dex:  7 (9)  Spells: 6/6 levels left

rFire   . . .        a - +0 flail
rCold   . . .        c - +0 buckler
rNeg    + . .        b - +1 scale mail
rPois   ∞            (no helmet)
rElec   +            (no cloak)
rCorr   .            (no gloves)
SInv    .            (no boots)
Will    .....        (no amulet) Stlth
                     (no ring)
HPRegen 0.27/turn    (no ring)
MPRegen 0.10/turn

%: no passive effects
@: no status effects
A: sickness immunity, AC +4, negative energy resistance 1, electricity
resistance, torment resistance 1, petrification resistance
a: no special abilities


You were on level 6 of the Dungeon.
You visited 1 branch of the dungeon, and saw 5 of its levels.
You also visited: Sewer.

You collected 1431 gold pieces.

Inventory:

Hand Weapons
 a - a +0 flail (weapon)
Missiles
 h - a throwing net
 o - 10 poisoned darts (quivered)
Armour
 b - a +1 scale mail (worn)
 c - a +0 buckler (worn)
Wands
 l - a wand of acid (5)
Scrolls
 i - 2 scrolls of teleportation
 k - a scroll of poison
Potions
 d - a potion of might
 e - a potion of degeneration {unknown}
 f - 2 potions of brilliance {unknown}
 g - a potion of invisibility {unknown}
 j - a potion of lignification {unknown}
 m - 3 potions of berserk rage
 q - 6 potions of heal wounds
 s - a potion of mutation
 t - a potion of haste
 v - a potion of curing


   Skills:
 + Level 5.5 Fighting
 + Level 4.3 Maces & Flails
 + Level 5.4 Armour
 + Level 5.5 Shields


You had 6 spell levels left.
You didn't know any spells.
Your spell library contained the following spells:

 Spells                   Type           Power      Damage    Failure   Level
 Poisonous Vapours        Pois/Air       0%         N/A       89%         2
 Scorch                   Fire           0%         2d5       89%         2
 Call Canine Familiar     Summ           0%         N/A       98%         3
 Mephitic Cloud           Conj/Pois/Air  0%         N/A       98%         3
 Ozocubu's Armour         Ice            0%         N/A       98%         3
 Portal Projectile        Hex/Tloc       0%         N/A       98%         3
 Flame Wave               Conj/Fire      0%         2d4       100%        4
 Leda's Liquefaction      Hex/Erth       0%         N/A       100%        4
 Fireball                 Conj/Fire      0%         3d3       100%        5
 Freezing Cloud           Conj/Ice/Air   0%         6-21      100%        5
 Iskenderun's Battlesphe  Conj           0%         2d6       100%        5
 Metabolic Englaciation   Hex/Ice        0%         N/A       100%        5
 Conjure Ball Lightning   Conj/Air       0%         3x3d6     100%        6
 Simulacrum               Ice/Necr       0%         N/A       100%        6
 Summon Cactus Giant      Summ           0%         N/A       100%        6
 Orb of Destruction       Conj           0%         9d5       100%        7


Dungeon Overview and Level Annotations

Branches:
Dungeon (4/15)              Sewer (visited)
 Temple: D:4-7

Altars:
Uskayaw
Vehumet


Innate Abilities, Weirdness & Mutations

You are immune to sickness and miasma.
Your stone body is resilient. (AC +4)
You are immune to poison.
You resist negative energy. (rN+)
You are resistant to electric shocks. (rElec)
You are resistant to unholy torment.
You are immune to petrification.


Message History

You see here a wand of acid (5).
l - a wand of acid (5)
The orc wizard shouts!
An ufetubus comes into view.
The orc attacks as you move away! The orc hits you with a +0 dagger.
The orc attacks as you move away! The orc hits you but does no damage.
The orc wizard casts a spell.
The orc wizard flickers and vanishes!
The orc attacks as you move away! The orc completely misses you.
You block the orc's attack. The orc attacks as you move away!
You block the orc's attack.
You hit the orc but do no damage.
An orc comes into view. It is wielding a +0 mace.
The orc hits you with a +0 dagger.
You closely miss the orc.
The orc shouts!
The orc warrior barely misses you. The orc closely misses you.
A hound comes into view.
You completely miss the orc.
The hound barks!
The orc warrior hits you but does no damage.
You block the orc's attack.
You barely miss the orc.
The orc warrior hits you with a +1 long sword of flaming.
The orc warrior burns you. The orc closely misses you. Something hits you.
You thump the orc!
You kill the orc!
The orc warrior barely misses you. Something hits you but does no damage.
Things that are here:
a +0 dagger; a +0 leather armour The orc warrior attacks as you move away!
The orc warrior hits you with a +1 long sword of flaming!
The orc warrior burns you.
The orc warrior attacks as you move away!
The orc warrior hits you with a +1 long sword of flaming!
The orc warrior burns you.
* * * LOW HITPOINT WARNING * * *
The orc warrior attacks as you move away!
The orc warrior hits you with a +1 long sword of flaming!
You die...

# ### ###.##.### #
##......#.##
..#...#...5..##
......#.##)...#
.......###.h..#
..?.........o.#
........#..#.o#
..........##.@#
......$...#......#
......####..)........
...... ............#
.5.........##.#...#..
..... ....##..###.# .
$.... .... ..# .. ...
.## ..


You could see an orc warrior, a hound, an orc and an ufetubus.

Vanquished Creatures
  Sigmund (D:2)
  Eustachio (D:4)
  A scorpion (D:4)
  3 jellies (Sewer)
  A sleepcap (D:4)
  7 adders
  An ufetubus (D:4)
  2 worms (Sewer)
  A dart slug (D:2)
  5 orcs
  14 endoplasms
  7 giant cockroaches
  2 goblins
  12 hobgoblins
  3 jackals (D:1)
  6 quokkas
  8 ball pythons
  5 bats
  2 frilled lizards (Sewer)
  5 kobolds
  11 rats
98 creatures vanquished.

Vanquished Creatures (others)
  An endoplasm (D:3)
1 creature vanquished.

Grand Total: 99 creatures vanquished

Notes
Turn   | Place    | Note
-------+----------+-------------------------------------------
     0 | D:1      | Dittersdorf the Gargoyle Fighter began the quest for the
                  | Orb.
     0 | D:1      | Reached XP level 1. HP: 14/14 MP: 1/1
   162 | D:1      | Reached XP level 2. HP: 19/19 MP: 2/2
   452 | D:1      | Reached XP level 3. HP: 23/23 MP: 3/3
   765 | D:2      | Noticed Sigmund
   996 | D:2      | Killed Sigmund
   997 | D:2      | Reached XP level 4. HP: 9/30 MP: 4/4
   997 | D:2      | Reached XP level 5. HP: 10/34 MP: 5/5
  1135 | D:2      | Reached XP level 6. HP: 39/39 MP: 6/6
  1834 | D:3      | Found a radiant altar of Vehumet.
  2686 | D:4      | Identified a scroll of acquirement
  2686 | D:4      | Acquired 1319 gold pieces
  2696 | D:4      | Found a glowing drain.
  2717 | Sewer    | Entered a sewer
  3068 | Sewer    | Found a viscous altar of Jiyva.
  3137 | Sewer    | Reached skill level 5 in Fighting
  3137 | Sewer    | Reached skill level 5 in Shields
  3270 | D:4      | Found a hide-covered altar of Uskayaw.
  3372 | D:4      | Reached skill level 5 in Armour
  3372 | D:4      | Reached XP level 7. HP: 42/44 MP: 7/7
  3605 | D:4      | Noticed Eustachio
  3839 | D:4      | Killed Eustachio
  3937 | D:4      | You fall into a shaft and drop 2 floors!
  3959 | D:6      | Slain by an orc warrior

Illustrated notes

Levels and vault maps discovered:
D:1:      lightli_arrival_statue_moat, layout_loops_ring
D:2:      layout_basic, corexii_shack, kennysheep_generic_room_2, uniq_sigmund
D:3:      layout_basic, fiery_altar_vehumet, hex_intersection
D:4:      layout_cave_pods, mainiacjoe_overflow_24_doors, serial_park,
          serial_park_square3 [serial_park_minivault_5x5_5],
          serial_park_fountain, serial_park_avenue1, serial_park_tiny_1,
          cheibrodos_sewer_entry_drain, uniq_eustachio
D:6:      layout_cave_pools, mainiacjoe_overflow_tiny_flanked

Skill      XL: |  1  2  3  4  5  6 |
---------------+-------------------+-----
Fighting       | 4 5 |  5.5
Maces & Flails | 3 4 |  4.3
Armour         | 4 5 |  5.4
Shields        | 4 5 |  5.5

Action                     |  1- 3 |  4- 6 |  7- 9 || total
---------------------------+-------+-------+-------++-------
  Melee: Flail             |   109 |   211 |    73 ||   393
  Throw: Dart              |       |       |     3 ||     3
    Use: Scroll            |       |    15 |       ||    15
 Armour: Scale mail        |    64 |   107 |    95 ||   266
  Dodge: Dodged            |    52 |   120 |    76 ||   248
  Block: Buckler           |    23 |    37 |    36 ||    96

Table legend: (Time is in decaauts)
 A = Elapsed time spent in this place.
 B = Non-inter-level travel time spent in this place.
 C = Inter-level travel time spent in this place.
 D = Time resting spent in this place.
 E = Time spent auto-exploring this place.
 F = Levels seen in this place.
 G = Mean time per level.
                   A        B        C        D        E       F      G
               +--------+--------+--------+--------+--------+-----+--------+
         Total |   4099 |   3993 |    106 |    525 |   2543 |   6 |  683.2 |
       Dungeon |   3520 |   3414 |    106 |    389 |   2300 |   5 |  704.0 |
         Sewer |    578 |    578 |      0 |    136 |    243 |   1 |  578.0 |
               +--------+--------+--------+--------+--------+-----+--------+

Top non-repeatable levels by time:
     D:3: 1156 daAuts
     D:1: 962 daAuts
     D:2: 752 daAuts
     D:4: 627 daAuts
   Sewer: 578 daAuts
     D:6: 22 daAuts
